Map: Ruines d’Endion

Players

OursPD - Winner!

  • Race: Zerg Zerg
  • League: Silver
  • Spawn Location: 5:00

zidar

  • Race: Zerg Zerg
  • League: Gold
  • Spawn Location: 7:00

VOD

Have the link to the VOD?

Description

Time

  • Played on: June 18, 2016, 11:59 a.m.
  • Length: 13:40
Show
View Real Time Build Order
Export as new Build Order

OursPD Zerg - Winner!

Build Orders: Pool First 

Get SALT Encoding   

  12  0:02  Drone  
  13  0:08  Drone  
  14  0:34  Spawning Pool  
  13  0:35  Drone  
  13  0:37  Overlord  
  14  0:57  Drone x3  
  17  1:18  Hatchery  
  16  1:20  Drone x2  
  18  1:30  Queen  
  20  1:34  Zergling x2  
  21  1:45  Drone  
  22  1:49  Extractor  
  22  1:54  Zergling x2  
  22  2:04  Overlord  
  22  2:24  Drone  
  22  2:25  Zergling x2  
  24  2:31  Roach Warren  
  24  2:34  Drone  
  24  2:37  Queen  
  26  2:48  Drone  
  26  2:49  Overlord  
  27  2:51  Zergling x2  
  27  2:55  Drone x2  
  30  3:13  Roach  
  30  3:14  Roach x2  
  36  3:21  Drone x2  
  36  3:25  Drone  
  39  3:28  Roach x2  
  39  3:29  Overlord  
  43  3:37  Extractor  
  43  3:38  Drone  
  43  3:43  Extractor  
  42  3:51  Roach x2  
  42  3:54  Overlord  
  42  3:55  Roach x2  
  50  4:03  Drone x2  
  50  4:05  Overlord  
  50  4:07  Overlord x2  
  52  4:18  Drone  
  52  4:19  Drone  
  52  4:24  Drone x4  
  58  4:40  Evolution Chamber, Drone x2  
  58  4:41  Evolution Chamber, Drone  
  58  4:43  Drone  
  60  4:46  Drone  
  60  4:48  Drone  
  60  4:50  Drone  
  63  5:06  Roach x3  
  71  5:07  Roach x2  
  73  5:21  Spore Crawler  
  73  5:28  Extractor, Drone x2  
  73  5:29  Drone  
  74  5:50  Lair  
  74  5:52  Overlord x2  
  74  5:53  Roach x2, Hatchery  
  74  5:54  Roach  
  74  5:55  Roach  
  81  5:59  Drone x2  
  83  6:05  Drone  
  83  6:10  Drone  
  83  6:11  Drone x2  
  87  6:16  Overlord x2  
  87  6:24  Zerg Missile Weapons Level 1  
  87  6:26  Zerg Ground Armor Level 1  
  87  6:31  Drone  
  87  6:32  Roach x2  
  92  6:34  Roach  
  94  7:03  Drone  
  94  7:04  Overlord x3, Hydralisk Den  
  94  7:05  Roach x2  
  94  7:07  Glial Reconstitution  
  98  7:13  Roach x6  
  110  7:16  Drone  
  110  7:17  Drone  
  110  7:21  Queen  
  114  7:33  Roach  
  116  7:50  Hydralisk x5  
  116  7:51  Hydralisk  
  128  7:58  Extractor  
  128  8:00  Drone x3  
  128  8:01  Extractor  
  128  8:04  Roach  
  128  8:05  Roach, Hydralisk x2  
  137  8:31  Overlord x3  
  97  9:06  Ravager  
  97  9:07  Hydralisk x5  
  97  9:08  Hydralisk  
  106  9:11  Hydralisk x3  
  106  9:12  Hydralisk x2  
  103  9:45  Hydralisk x6  
  97  9:59  Spore Crawler, Drone  
  87  10:00  Spore Crawler, Drone x5  
  87  10:02  Spore Crawler  
  87  10:06  Overlord  
  90  10:13  Spore Crawler  
  89  10:16  Spore Crawler  
  89  10:17  Spore Crawler  
  89  10:19  Spore Crawler  
  89  10:20  Roach  
  89  10:21  Roach x3  
  94  10:22  Zerg Ground Armor Level 2, Zerg Missile Weapons Level 2  
  94  10:26  Roach x2  
  94  10:27  Roach x3  
  104  10:32  Spore Crawler  
  103  10:36  Roach  
  103  10:37  Spore Crawler  
  104  10:45  Roach x4  
  104  10:46  Roach  
  114  10:56  Muscular Augments  
  114  10:58  Roach x4  
  114  10:59  Roach  
  101  11:14  Hydralisk x5  
  111  11:22  Roach x5  
  121  11:34  Roach x3  
  121  11:35  Roach x3  
  121  11:39  Drone x2  
  135  11:48  Drone x4  
  135  11:50  Overlord  
  135  11:51  Overlord  
  139  12:08  Hydralisk x4  
  139  12:09  Hydralisk  
  109  13:02  Hydralisk x3  
  109  13:03  Hydralisk x2  
Show
View Real Time Build Order
Export as new Build Order

zidar Zerg 

Build Orders: Pool First 

Get SALT Encoding   

  12  0:01  Drone  
  13  0:12  Overlord  
  13  0:17  Drone  
  14  0:31  Drone x2  
  16  0:43  Spawning Pool  
  16  0:44  Drone  
  16  1:08  Hatchery  
  16  1:10  Drone  
  16  1:16  Extractor  
  15  1:20  Drone  
  16  1:30  Queen  
  16  1:32  Zergling x2  
  19  1:35  Zergling x2  
  20  1:44  Overlord  
  20  1:47  Drone  
  20  1:53  Drone  
  22  2:07  Queen  
  24  2:15  Drone x2  
  26  2:22  Drone  
  27  2:25  Metabolic Boost  
  27  2:28  Overlord  
  26  2:53  Roach Warren  
  26  2:55  Drone x5  
  26  2:57  Drone  
  31  3:00  Drone  
  32  3:07  Extractor  
  32  3:08  Drone  
  32  3:21  Pneumatized Carapace  
  32  3:52  Roach x5  
  32  3:55  Overlord x3  
  42  4:11  Lair  
  42  4:27  Drone x8  
  42  4:30  Drone x3  
  53  5:10  Extractor  
  53  5:11  Extractor  
  51  5:15  Glial Reconstitution  
  51  5:18  Roach x8  
  51  5:21  Overlord x3  
  67  5:22  Hatchery  
  66  5:39  Queen  
  68  5:59  Drone x2  
  68  6:00  Drone  
  68  6:02  Roach x6  
  68  6:03  Roach x3  
  89  6:21  Drone  
  89  6:22  Drone  
  89  6:25  Overlord x3  
  91  6:26  Overlord  
  91  6:34  Spire  
  90  6:59  Drone  
  90  7:00  Drone x2  
  94  7:01  Drone  
  94  7:03  Drone  
  94  7:04  Drone x6  
  101  7:47  Mutalisk x10  
  121  8:12  Mutalisk x2  
  121  8:13  Mutalisk  
  120  8:46  Mutalisk x3  
  76  9:14  Extractor  
  76  9:17  Zergling x16  
  80  9:27  Mutalisk  
  78  9:32  Zergling x18  
  79  9:49  Zergling x8  
  83  10:04  Mutalisk  
  83  10:05  Mutalisk x2  
  89  10:07  Hatchery  
  89  10:11  Queen  
  90  10:18  Mutalisk x2  
  94  10:42  Mutalisk, Zergling x4  
  96  10:43  Mutalisk x5  
  86  11:19  Zergling x16  
  94  11:26  Mutalisk  
  94  11:27  Mutalisk x4  
  94  11:31  Zergling x2  
  105  11:35  Queen  
  105  11:37  Drone  
  108  11:51  Zergling x12  
  114  11:54  Mutalisk x2  
  114  11:55  Mutalisk  
  120  12:11  Zergling x16  
  127  12:21  Hatchery  
  82  12:44  Zergling x2  
  79  13:19  Spawning Pool  
Tags
 
Add a new tag
Caveats
  • Supply blocks, unpowered buildings, or Contaminate may cause inaccurate times.
  • Supply counts are checked every 10 seconds.